 Dungeon Crawl Stone Soup version 0.27-a0-538-g15ff5c5295 (webtiles) character file.

Game seed: 9581727565614944319

420 night the Conjurer (level 6, -17/44 HPs)
             Began as a Gnoll Conjurer on Mar 6, 2021.
             Demolished by a two-headed ogre
             ... wielding a +0 giant club
              (22 damage)
             ... on level 3 of the Dungeon.
             The game lasted 00:08:00 (3515 turns).

night the Conjurer (Gnoll Conjurer)                 Turns: 3515, Time: 00:08:00

Health: -17/44     AC:  4    Str:  6    XL:     6   Next: 94%
Magic:  9/14       EV: 13    Int: 19    God:
Gold:   169        SH:  0    Dex: 11    Spells: 12/15 levels left

rFire    . . .     SeeInvis .   h - +0 dagger (elec)
rCold    . . .     Faith    .   (no shield)
rNeg     . . .     Spirit   .   a - +0 robe
rPois    +         Reflect  .   (no helmet)
rElec    .         Harm     .   i - +0 cloak
rCorr    .         Rampage  .   (no gloves)
Will     .....                  q - +0 pair of boots
Stlth    +++.......             (no amulet)
HPRegen  0.14/turn              g - ring of poison resistance
MPRegen  0.14/turn              (no ring)

@: no status effects
A: fangs 1, strong nose, distributed training
a: no special abilities


You were on level 3 of the Dungeon.
You visited 1 branch of the dungeon, and saw 3 of its levels.

You collected 169 gold pieces.

Inventory:

Hand Weapons
 c - a +0 mace of protection
 h - a +0 dagger of electrocution (weapon)
Missiles
 b - 73 arrows
 d - 106 stones
 l - 16 sling bullets
Armour
 a - a +0 robe (worn)
 i - a +0 cloak (worn)
 q - a +0 pair of boots (worn)
Jewellery
 g - a ring of poison resistance (left hand)
Scrolls
 j - 3 scrolls of identify {unknown}
 k - 2 scrolls of fear {unknown}
 n - 2 scrolls of amnesia {unknown}
 o - a scroll of noise {unknown}
 p - 2 scrolls of teleportation {unknown}
Potions
 e - a potion of heal wounds {unknown}
 f - a potion of degeneration {unknown}
 m - a potion of curing {unknown}


   Skills:
 + Level 2.1 Fighting
 + Level 2.1 Short Blades
 + Level 2.1 Long Blades
 + Level 2.1 Axes
 + Level 2.1 Maces & Flails
 + Level 2.1 Polearms
 + Level 2.1 Staves
 + Level 2.1 Slings
 + Level 2.1 Bows
 + Level 2.1 Crossbows
 + Level 2.1 Throwing
 + Level 2.1 Armour
 + Level 5.1 Dodging
 + Level 4.7 Stealth
 + Level 2.1 Shields
 + Level 2.1 Unarmed Combat
 + Level 5.4 Spellcasting
 + Level 7.3 Conjurations
 + Level 1.7 Hexes
 + Level 1.7 Summonings
 + Level 1.7 Necromancy
 + Level 1.7 Translocations
 + Level 1.7 Transmutations
 + Level 1.7 Fire Magic
 + Level 1.7 Ice Magic
 + Level 1.7 Air Magic
 + Level 1.7 Earth Magic
 + Level 1.7 Poison Magic
 + Level 2.4 Invocations
 + Level 2.1 Evocations


You had 12 spell levels left.
You knew the following spells:

 Your Spells              Type           Power      Damage    Failure   Level
a - Magic Dart            Conj           100%       1d8       1%          1
b - Searing Ray           Conj           66%        3d5       1%          2

Your spell library contained the following spells:

 Spells                   Type           Power      Damage    Failure   Level
 Dazzling Flash           Conj/Hex       44%        N/A       5%          3
 Animate Skeleton         Necr           22%        N/A       6%          1
 Apportation              Tloc           22%        N/A       6%          1
 Corona                   Hex            12%        N/A       6%          1
 Summon Small Mammal      Summ           44%        N/A       6%          1
 Fulminant Prism          Conj/Hex       11%        3d9       19%         4
 Iskenderun's Mystic Bla  Conj/Tloc      22%        2d6       19%         4


Dungeon Overview and Level Annotations

Branches:
Dungeon (3/15)

Altars:
Qazlal


Innate Abilities, Weirdness & Mutations

You have very sharp teeth.
Your uncanny sense of smell can sniff out nearby items.
Your experience applies equally to all skills.


Message History

Casting: Magic Dart (safe; 1% risk of failure)
Confirm with . or Enter, or press ? or * to list all spells.
Aiming: Magic Dart (safe; 1% risk of failure)
Press: ? - help, Shift-Dir - straight line, f - two-headed ogre
Aim: a two-headed ogre, wielding a +0 giant club and a +0 giant spiked club (0% to evade)
The magic dart hits the two-headed ogre.
The two-headed ogre is lightly wounded.
Casting: Magic Dart (safe; 1% risk of failure)
Confirm with . or Enter, or press ? or * to list all spells.
Aiming: Searing Ray (safe; 1% risk of failure)
Press: ? - help, Shift-Dir - straight line, f/p - two-headed ogre
Aim: a two-headed ogre, wielding a +0 giant club and a +0 giant spiked club (9% to evade)
The searing ray hits the two-headed ogre!
The two-headed ogre is lightly wounded. (Press . to maintain the ray.)
The searing ray hits the two-headed ogre!
The two-headed ogre is moderately wounded.
The searing ray hits the two-headed ogre.
The two-headed ogre is moderately wounded.
The searing ray hits the two-headed ogre.
The two-headed ogre is heavily wounded.
You finish channeling your searing ray.
The two-headed ogre hits you with a +0 giant club!!
The two-headed ogre hits you with a +0 giant spiked club!
The two-headed ogre barely misses you. x2
An orc comes into view.
The orc shouts!
You hear an angry hiss.
An orc priest comes into view. It is wielding a +4 flail.
The orc priest shouts!
The orc priest invokes the aid of Beogh against you.
Beogh smites you!
* * * LOW HITPOINT WARNING * * *
An orc comes into view. It is wielding a +0 dagger.
The orc priest begins to cast a cantrip, but forgets the words!
A ball python comes into view.
The ball python moves out of view.
There is a stone staircase leading up here.
The two-headed ogre hits you with a +0 giant club!!
Ouch! That really hurt!
You die...

......'.....#........#
.....)#.....#........######
#.###.#######.............#
#.###..#...#.........###..#######
..##...##.##.....................
........#'#.....##.##............
....#.#.....#..............#.♣♣♣.
......###..##.#..###.........♣
....###.........@Oo..........♣
........#...###......o......♣♣
....#####.#..####..#...o...♣♣
....#####.##..###...........♣
..........)..............#o♣.♣
....#####.###...##.......#..♣♣
....###......>....)##....#...♣
........#.###......##........♣
.########..##.......##......


You could see a two-headed ogre, an orc priest and 2 orcs.

Vanquished Creatures
  An ogre (D:3)
  A wyvern skeleton (D:3)
  An orc priest (D:3)
  Crazy Yiuf (D:2)
  An orc wizard (D:3)
  A worker ant (D:3)
  6 adders
  4 worms
  4 dart slugs
  4 leopard geckos
  4 orcs (D:3)
  A ball python (D:3)
  3 giant cockroaches
  12 goblins
  4 hobgoblins
  8 jackals
  13 kobolds
  2 quokkas (D:2)
  12 bats
  2 frilled lizards (D:1)
  12 rats
97 creatures vanquished.

Notes
Turn   | Place    | Note
-------+----------+-------------------------------------------
     0 | D:1      | night the Gnoll Conjurer began the quest for the Orb.
     0 | D:1      | Reached XP level 1. HP: 13/13 MP: 6/6
   266 | D:1      | Reached XP level 2. HP: 19/19 MP: 4/7
   269 | D:1      | Learned a level 2 spell: Searing Ray
   695 | D:1      | Reached skill level 5 in Spellcasting
   695 | D:1      | Reached XP level 3. HP: 23/25 MP: 4/9
   898 | D:1      | Reached skill level 1 in Invocations
  1269 | D:2      | Reached skill level 1 in Fighting
  1269 | D:2      | Reached skill level 1 in Short Blades
  1269 | D:2      | Reached skill level 1 in Long Blades
  1269 | D:2      | Reached skill level 1 in Axes
  1269 | D:2      | Reached skill level 1 in Maces & Flails
  1269 | D:2      | Reached skill level 1 in Polearms
  1269 | D:2      | Reached skill level 1 in Staves
  1269 | D:2      | Reached skill level 1 in Slings
  1269 | D:2      | Reached skill level 1 in Bows
  1269 | D:2      | Reached skill level 1 in Crossbows
  1269 | D:2      | Reached skill level 1 in Throwing
  1269 | D:2      | Reached skill level 1 in Armour
  1269 | D:2      | Reached skill level 1 in Shields
  1269 | D:2      | Reached skill level 1 in Unarmed Combat
  1269 | D:2      | Reached skill level 1 in Evocations
  1325 | D:2      | Reached XP level 4. HP: 32/32 MP: 7/11
  1789 | D:2      | Found a stormy altar of Qazlal.
  1851 | D:2      | Found a runed translucent door.
  1852 | D:2      | Noticed Crazy Yiuf
  1859 | D:2      | Killed Crazy Yiuf
  1860 | D:2      | Reached skill level 1 in Hexes
  1860 | D:2      | Reached skill level 1 in Summonings
  1860 | D:2      | Reached skill level 1 in Necromancy
  1860 | D:2      | Reached skill level 1 in Translocations
  1860 | D:2      | Reached skill level 1 in Transmutations
  1860 | D:2      | Reached skill level 1 in Fire Magic
  1860 | D:2      | Reached skill level 1 in Ice Magic
  1860 | D:2      | Reached skill level 1 in Air Magic
  1860 | D:2      | Reached skill level 1 in Earth Magic
  1860 | D:2      | Reached skill level 1 in Poison Magic
  1944 | D:2      | Reached XP level 5. HP: 37/37 MP: 12/12
  2569 | D:3      | Noticed an ogre
  2577 | D:3      | Killed an ogre
  2660 | D:3      | Reached skill level 2 in Invocations
  2660 | D:3      | Reached XP level 6. HP: 44/44 MP: 7/13
  2816 | D:3      | Reached skill level 2 in Fighting
  2816 | D:3      | Reached skill level 2 in Short Blades
  2816 | D:3      | Reached skill level 2 in Long Blades
  2816 | D:3      | Reached skill level 2 in Axes
  2816 | D:3      | Reached skill level 2 in Maces & Flails
  2816 | D:3      | Reached skill level 2 in Polearms
  2816 | D:3      | Reached skill level 2 in Staves
  2816 | D:3      | Reached skill level 2 in Slings
  2816 | D:3      | Reached skill level 2 in Bows
  2816 | D:3      | Reached skill level 2 in Crossbows
  2816 | D:3      | Reached skill level 2 in Throwing
  2816 | D:3      | Reached skill level 2 in Armour
  2816 | D:3      | Reached skill level 5 in Dodging
  2816 | D:3      | Reached skill level 2 in Shields
  2816 | D:3      | Reached skill level 2 in Unarmed Combat
  2816 | D:3      | Reached skill level 2 in Evocations
  3471 | D:3      | Noticed a two-headed ogre
  3506 | D:3      | HP: 4/44 [orc priest/divine providence (14)]
  3515 | D:3      | Demolished by a two-headed ogre

Illustrated notes

Levels and vault maps discovered:
D:1:      dpeg_arrival_round_c, layout_basic, minmay_octomino_c4
D:2:      layout_basic, general_overflow_altar, uniq_crazy_yiuf_cottage
D:3:      layout_rooms, chequers_ecumenical_altar_grove, minmay_divided_ellipse

Skill      XL: |  1  2  3  4  5  6 |
---------------+-------------------+-----
Spellcasting   | 5 |  5.4
Invocations    | 1 2 |  2.4
Fighting       | 1 2 |  2.1
Short Blades   | 1 2 |  2.1
Long Blades    | 1 2 |  2.1
Axes           | 1 2 |  2.1
Maces & Flails | 1 2 |  2.1
Polearms       | 1 2 |  2.1
Staves         | 1 2 |  2.1
Slings         | 1 2 |  2.1
Bows           | 1 2 |  2.1
Crossbows      | 1 2 |  2.1
Throwing       | 1 2 |  2.1
Armour         | 1 2 |  2.1
Shields        | 1 2 |  2.1
Unarmed Combat | 1 2 |  2.1
Evocations     | 1 2 |  2.1
Hexes          | 1 |  1.7
Summonings     | 1 |  1.7
Necromancy     | 1 |  1.7
Translocations | 1 |  1.7
Transmutations | 1 |  1.7
Fire Magic     | 1 |  1.7
Ice Magic      | 1 |  1.7
Air Magic      | 1 |  1.7
Earth Magic    | 1 |  1.7
Poison Magic   | 1 |  1.7
Dodging        | 5 |  5.1
Stealth        | |  4.7
Conjurations   | |  7.3

Action                   |  1- 3 |  4- 6 || total
-------------------------+-------+-------++-------
Melee: Mace              |     3 |     1 ||     4
       Dagger            |       |    22 ||    22
       Bite              |       |     2 ||     2
 Cast: Magic Dart        |    52 |    74 ||   126
       Searing Ray       |     4 |    14 ||    18
Armor: Robe              |       |     3 ||     3
Dodge: Dodged            |     4 |    23 ||    27

Table legend: (Time is in decaauts)
 A = Elapsed time spent in this place.
 B = Non-inter-level travel time spent in this place.
 C = Inter-level travel time spent in this place.
 D = Time resting spent in this place.
 E = Time spent auto-exploring this place.
 F = Levels seen in this place.
 G = Mean time per level.
                   A        B        C        D        E       F      G
               +--------+--------+--------+--------+--------+-----+--------+
         Total |   3523 |   3493 |     30 |    725 |   2263 |   3 | 1174.3 |
       Dungeon |   3523 |   3493 |     30 |    725 |   2263 |   3 | 1174.3 |
               +--------+--------+--------+--------+--------+-----+--------+

Top non-repeatable levels by time:
     D:2: 1218 daAuts
     D:1: 1160 daAuts
     D:3: 1144 daAuts
